Map: New Repugnancy LE

Players

deribou - Winner!

  • Race: Terran Terran
  • League: Master
  • Spawn Location: 7:00

llllllllllll

  • Race: Zerg Zerg
  • League: Diamond
  • Spawn Location: 1:00

VOD

https://www.twitch.tv/videos/441577180?t=01h53m30s

Description

for rex

Time

  • Played on: June 20, 2019, 1:34 a.m.
  • Length: 10:46
Show
View Real Time Build Order
Export as new Build Order

deribou Terran - Winner!

Build Orders: Reaper Expand 

Get SALT Encoding   

  12  0:01  SCV  
  13  0:13  SCV  
  14  0:17  Supply Depot  
  14  0:25  SCV  
  15  0:39  SCV  
  15  0:40  Barracks  
  16  0:45  Refinery  
  16  0:51  SCV  
  17  1:04  SCV  
  18  1:16  SCV  
  19  1:28  Reaper  
  19  1:29  Orbital Command  
  20  1:43  Command Center  
  20  1:56  Supply Depot, SCV  
  20  2:00  Marine  
  22  2:08  SCV  
  22  2:12  Factory  
  23  2:21  SCV  
  24  2:24  Barracks Reactor, Refinery  
  24  2:33  SCV  
  25  2:45  SCV  
  26  2:56  Orbital Command  
  26  2:57  SCV  
  27  2:58  Starport  
  27  3:07  Hellion  
  27  3:08  Hellion, Barracks Tech Lab  
  27  3:09  SCV  
  32  3:21  SCV  
  32  3:22  SCV  
  39  3:40  Starport Tech Lab  
  34  3:41  SCV x2  
  34  3:45  Siege Tank  
  34  3:46  Marine x2  
  34  3:47  Supply Depot  
  34  3:48  Supply Depot  
  40  3:49  Refinery  
  40  3:53  SCV x2  
  42  4:02  Banshee  
  45  4:05  SCV  
  45  4:09  SCV, Marine x2  
  49  4:10  Bunker  
  49  4:18  Siege Tank  
  52  4:24  SCV x2  
  52  4:27  Marine x2  
  52  4:30  Supply Depot  
  56  4:37  SCV x2  
  58  4:49  SCV x2  
  60  4:58  Marine x2  
  62  5:03  SCV x2  
  62  5:04  Siege Tank  
  62  5:05  Viking  
  68  5:16  Marine x2  
  49  5:34  Marine  
  44  5:38  Marine  
  44  5:39  Banshee, Siege Tank  
  47  5:54  SCV x2  
  47  5:57  Marine x2  
  49  6:07  SCV x2  
  51  6:16  Marine x2  
  51  6:17  Siege Tank  
  56  6:19  SCV x2  
  58  6:31  SCV x2  
  58  6:32  Engineering Bay, Barracks  
  60  6:34  Barracks  
  60  6:39  Starport Tech Lab  
  60  6:40  Marine x2  
  60  6:41  Bunker  
  60  6:43  SCV x2  
  64  6:53  Siege Tank  
  67  6:55  SCV x2  
  67  6:58  Marine  
  70  7:03  Supply Depot  
  70  7:05  Supply Depot  
  70  7:10  Terran Infantry Weapons Level 1  
  70  7:16  Supply Depot  
  70  7:24  Marine  
  70  7:25  SCV x2  
  73  7:30  Starport Reactor  
  73  7:34  Stimpack  
  73  7:37  SCV x2  
  73  7:42  Factory Reactor  
  75  7:46  Command Center  
  75  7:49  SCV  
  60  7:57  Marine x3  
  60  7:58  Marine  
  56  8:03  Liberator  
  56  8:04  Liberator  
  51  8:11  Combat Shield  
  45  8:13  SCV x2  
  45  8:15  Marine x2  
  45  8:19  Marauder x2  
  53  8:23  Widow Mine x2  
  53  8:25  SCV  
  64  8:27  SCV  
  65  8:34  Bunker  
  65  8:35  Marine x2  
  65  8:36  Refinery  
  65  8:40  Marauder x2  
  71  8:48  SCV x2  
  73  8:54  Marine  
  73  8:55  Marine  
  75  8:56  Widow Mine x2  
  79  9:05  Marauder x2  
  79  9:12  Marine  
  79  9:13  Marine  
  78  9:25  Widow Mine x2  
  78  9:26  Medivac x2  
  78  9:27  Marauder x2  
  78  9:29  Orbital Command  
  78  9:30  Marine x2  
  92  9:43  SCV x2  
  94  9:47  Marine  
  94  9:48  Marine x2  
  94  9:52  Marine  
  89  10:06  Marine, Marauder x2  
  87  10:10  Marine  
  84  10:24  Marine  
  84  10:27  Marine  
Show
View Real Time Build Order
Export as new Build Order

llllllllllll Zerg 

Build Orders: Hatch First, Roach Nydus 

Get SALT Encoding   

  12  0:01  Drone  
  13  0:13  Overlord  
  13  0:18  Drone  
  14  0:31  Drone x2  
  16  0:37  Drone  
  17  0:52  Hatchery  
  16  0:57  Drone  
  16  0:59  Drone  
  18  1:11  Extractor  
  18  1:15  Spawning Pool  
  18  1:17  Drone  
  17  1:21  Drone  
  18  1:28  Drone  
  19  1:40  Overlord  
  19  1:50  Drone  
  20  2:02  Zergling x2  
  20  2:03  Queen  
  20  2:05  Queen  
  20  2:07  Zergling x2  
  26  2:13  Drone  
  27  2:16  Drone  
  28  2:23  Drone  
  29  2:33  Drone x2  
  31  2:37  Drone  
  31  2:39  Lair  
  31  2:41  Queen  
  33  2:46  Extractor  
  33  2:50  Overlord  
  31  2:54  Drone x2  
  33  3:02  Drone  
  34  3:09  Drone  
  34  3:10  Roach Warren  
  34  3:14  Drone  
  34  3:17  Queen  
  37  3:20  Drone x3  
  37  3:25  Drone  
  37  3:26  Drone  
  42  3:28  Drone  
  43  3:37  Drone  
  43  3:38  Overlord  
  44  3:43  Nydus Network  
  44  3:48  Drone  
  44  3:49  Overlord  
  44  3:52  Overlord  
  44  4:05  Roach x4  
  44  4:07  Roach  
  44  4:09  Roach  
  56  4:12  Roach  
  56  4:13  Overseer  
  58  4:17  Extractor  
  58  4:19  Extractor  
  58  4:21  Overlord  
  56  4:35  Nydus Canal  
  56  4:36  Roach x5  
  66  4:41  Glial Reconstitution  
  66  4:50  Nydus Canal  
  60  5:05  Roach x4  
  68  5:10  Nydus Canal  
  42  5:36  Roach x5  
  42  5:39  Roach, Queen x2  
  56  5:47  Nydus Canal  
  56  5:48  Roach x2  
  60  5:58  Overseer  
  60  6:04  Overlord  
  60  6:07  Spore Crawler  
  60  6:09  Spore Crawler  
  58  6:12  Ravager x2  
  58  6:18  Overseer  
  60  6:22  Ravager x2  
  60  6:24  Queen x2  
  66  6:31  Roach  
  68  6:39  Overlord x2  
  68  6:59  Nydus Canal  
  68  7:07  Ravager  
  68  7:08  Ravager x5  
  72  7:09  Queen x2  
  71  7:35  Overseer  
  71  7:37  Roach x2  
  75  7:38  Overlord x2  
  75  7:39  Overlord  
  75  7:46  Queen x2  
  52  8:12  Roach x10  
  72  8:28  Roach x4  
  72  8:34  Nydus Canal  
  80  8:40  Roach x2  
  84  8:43  Nydus Canal  
  84  8:52  Ravager x6  
  84  8:53  Ravager  
  73  9:17  Queen x2  
  73  9:19  Overseer  
  73  9:20  Overseer  
  77  9:29  Roach x4  
  77  9:30  Roach  
  87  9:37  Nydus Canal  
  87  9:41  Roach x2  
  87  9:44  Roach  
  93  9:49  Overlord  
  63  10:07  Roach x4  
  63  10:14  Roach x2  
  59  10:21  Roach  
  59  10:22  Roach  
Tags
 
Add a new tag
Caveats
  • Supply blocks, unpowered buildings, or Contaminate may cause inaccurate times.
  • Supply counts are checked every 10 seconds.